 Dungeon Crawl Stone Soup version bcrawl-1.27.1b (webtiles) character file.

Game seed: 2481994681859138388

121201 pasperui the Ducker (level 3, -1/35 HPs)
             Began as a Gnoll Reaver on July 21, 2020.
             Was a Follower of Vehumet.
             Slain by Sigmund
             ... wielding a +0 scythe
              (6 damage)
             ... on level 2 of the Dungeon.
             The game lasted 00:03:05 (977 turns).

pasperui the Ducker (Gnoll Reaver)                   Turns: 977, Time: 00:03:06

Health: -1/35      AC:  6    Str: 14    XL:     3   Next: 35%
Magic:  9/9        EV: 15    Int: 16    God:    Vehumet [*.....]
Gold:   39         SH:  0    Dex: 13    Spells: 11/12 levels left

rFire    . . .     SeeInvis .   n - +4 whip
rCold    . . .     Gourm    .   (no shield)
rNeg     . . .     Faith    .   b - +0 steam dragon scales
rPois    .         Spirit   .   (no helmet)
rElec    .         Reflect  .   (no cloak)
rCorr    .         Harm     .   q - +0 pair of gloves
MR       .....                  (no boots)
Stlth    ++........             (no amulet)
HPRegen  0.11/turn              (no ring)
MPRegen  0.11/turn              (no ring)

@: hasted, very quick
A: distributed training, fangs 1, strong nose
a: Renounce Religion


You were on level 2 of the Dungeon.
You worshipped Vehumet.
Vehumet was aware of your devotion.
You were not hungry.

You visited 1 branch of the dungeon, and saw 2 of its levels.

You collected 39 gold pieces.

Inventory:

Hand Weapons
 a - a +0 long sword
 n - a +4 whip (weapon)
Missiles
 k - 225 arrows
 m - 473 stones (quivered)
Armour
 b - +0 steam dragon scales (worn)
 q - a +0 pair of gloves (worn)
Jewellery
 f - the ring "Voahi" {Ice Slay+3, unknown}
   (You found it on level 1 of the Dungeon)

   [ring of ice]

   It enhances your ice magic.
   It affects your accuracy and damage with ranged weapons and melee attacks
   (+3).
   It makes you vulnerable to fire.
   It protects you from cold.
Scrolls
 d - 2 scrolls of immolation
 g - a scroll of remove curse {unknown}
 h - a scroll of blinking {unknown}
 o - a scroll of fog {unknown}
Potions
 c - a potion of haste
 i - a potion of invisibility {unknown}
 l - a potion of flight {unknown}
 p - a potion of ambrosia {unknown}
 r - a potion of mutation {unknown}
 s - a potion of curing {unknown}
Comestibles
 e - 3 rations {!d}
 j - 3 chunks of flesh


   Skills:
 + Level 6.5 Fighting
 + Level 0.7 Short Blades
 + Level 6.5 Long Blades
 + Level 0.7 Axes
 + Level 0.7 Maces & Flails
 + Level 0.7 Polearms
 + Level 0.7 Staves
 + Level 0.7 Slings
 + Level 0.7 Bows
 + Level 0.7 Crossbows
 + Level 0.7 Throwing
 + Level 0.7 Armour
 + Level 6.5 Dodging
 + Level 0.7 Stealth
 + Level 0.7 Shields
 + Level 0.7 Unarmed Combat
 + Level 5.0 Spellcasting
 + Level 0.5 Conjurations
 + Level 0.5 Hexes
 + Level 0.5 Charms
 + Level 0.5 Summonings
 + Level 0.5 Necromancy
 + Level 0.5 Translocations
 + Level 0.5 Transmutations
 + Level 0.5 Fire Magic
 + Level 0.5 Ice Magic
 + Level 0.5 Air Magic
 + Level 0.5 Earth Magic
 + Level 0.5 Poison Magic
 + Level 0.9 Invocations
 + Level 0.7 Evocations


You had 11 spell levels left.
You knew the following spells:

 Your Spells              Type           Power        Failure   Level  Hunger
a - Flame Tongue          Conj/Fire      #....        3%          1    None

Your spell library contained the following spells:

 Spells                   Type           Power        Failure   Level  Hunger
 Iskenderun's Battlesphe  Conj/Chrm      #.......     61%         5    ######.


Dungeon Overview and Level Annotations

Branches:
Dungeon (2/12)

Altars:

Annotations:
D:2 Sigmund


Innate Abilities, Weirdness & Mutations

Your experience applies equally to all skills.
You have very sharp teeth.
Your uncanny sense of smell can sniff out nearby items.


Message History

You hit Sigmund.
Sigmund is severely wounded.
Sigmund gestures wildly while chanting.
Sigmund flickers and vanishes!
Deactivating autopickup; reactivate with Ctrl-A.
You hear some strange, mumbled words.
A puff of flame appears from out of thin air!
The puff of flame hits you!
You barely miss something. Your bite misses something. Something hits you!
* * * LOW HITPOINT WARNING * * *
You miss something. You bite something. You hit something.
You hear some strange, mumbled words.
A magic dart appears from out of thin air!
The magic dart hits you.
* * * LOW HITPOINT WARNING * * *
You miss something. Something hits you but does no damage.
You feel yourself speed up.
You barely miss something. Something hits you.
You die...

# ##### . #...# #?
#...# #.# ######
#...# ...#....#
#...#
#.#.#.##.###...#
#..>......รท'...#
###.#@##.###...#
#{##.# #...# ..##.#
#..##
......####.######
...######..........
##.. #.##.###### #..
#.##..#
.....####.###.#####.
..................


There were no monsters in sight!

Vanquished Creatures
  An ooze (D:1)
  A dart slug (D:1)
  5 bats (D:1)
  A giant cockroach (D:1)
  3 goblins (D:1)
  4 hobgoblins
  3 kobolds (D:1)
  A frilled lizard (D:1)
  7 rats
26 creatures vanquished.

Notes
Turn   | Place    | Note
-------+----------+-------------------------------------------
     0 | D:1      | pasperui the Gnoll Reaver began the quest for the Orb.
     0 | D:1      | Reached XP level 1. HP: 23/23 MP: 6/6
    10 | D:1      | Got a smoking bronze ring
   274 | D:1      | Reached XP level 2. HP: 22/29 MP: 7/7
   568 | D:1      | Reached XP level 3. HP: 24/35 MP: 9/9
   663 | D:1      | Reached skill level 5 in Spellcasting
   676 | D:1      | Reached * piety under Vehumet
   676 | D:1      | Offered knowledge of Flame Tongue by Vehumet.
   679 | D:1      | Learned a level 1 spell: Flame Tongue
   963 | D:2      | Noticed Sigmund
   977 | D:2      | Slain by Sigmund

Skill      XL: |  1  2  3 |
---------------+----------+-----
Spellcasting   | 5 |  5.0
Fighting       | |  6.5
Short Blades   | |  0.7
Long Blades    | |  6.5
Axes           | |  0.7
Maces & Flails | |  0.7
Polearms       | |  0.7
Staves         | |  0.7
Slings         | |  0.7
Bows           | |  0.7
Crossbows      | |  0.7
Throwing       | |  0.7
Armour         | |  0.7
Dodging        | |  6.5
Stealth        | |  0.7
Shields        | |  0.7
Unarmed Combat | |  0.7
Conjurations   | |  0.5
Hexes          | |  0.5
Charms         | |  0.5
Summonings     | |  0.5
Necromancy     | |  0.5
Translocations | |  0.5
Transmutations | |  0.5
Fire Magic     | |  0.5
Ice Magic      | |  0.5
Air Magic      | |  0.5
Earth Magic    | |  0.5
Poison Magic   | |  0.5
Invocations    | |  0.9
Evocations     | |  0.7

Action                   || total
-------------------------++-------
Melee: Long sword        ||    15
       Bite              ||     8
       Whip              ||    60
  Use: Potion            ||     1
 Stab: Sleeping          ||     3
  Eat: Chunk             ||     2
Armor: Steam dragon scal ||    22
Dodge: Dodged            ||    54
Block: Other             ||     1
